[ AOE2 MATCH · #495282798 ]
UnrankedWu vs Chinese
Player's team · WIN
Rival team · LOSS
[ REPLAY ANALYSIS · EXTRACTED FROM THE RECORDED GAME ]
Feudal
9:19
Castle
19:37
Imperial
34:20
| APM avg | 92.7 |
| APM peak | 186 |
| eAPM avg | 45.9 |
| Villagers / military | 93 / 93 |
Focus
⚔️ 67.3% · 🌾 32.7%
Archer ×82 · Unknown (1942) ×8 · Mangonel ×7 · Spearman ×3 · Monk ×1
Feudal
8:58
Castle
21:10
Imperial
—
| APM avg | 122.9 |
| APM peak | 219 |
| eAPM avg | 58.8 |
| Villagers / military | 126 / 90 |
Focus
⚔️ 66.7% · 🌾 33.3%
Skirmisher ×39 · Cavalry Archer ×39 · Iron Pagoda ×4 · Knight ×3 · Scout Cavalry ×3 · Monk ×2
Match map
Initial resources + every placement click. Lines = walls · curves = elevation contours. ◆ gold · ⬟ stone · ● berries · ✦ relic · ◌ wall gap
Your base· Open — unwalled flank
Itz_Zenta's base· Open — 3t gap
Smoothed initial terrain · ◌ = detected wall gap · hover for details
Inputs per minute
— Dark_aoe - - Itz_Zenta
Build order — Dark_aoe
First 150 of 306 actions detected
| 0:00 | Queue | Villager (Male) |
| 0:02 | Build | House |
| 0:02 | Build | House |
| 0:15 | Queue | Villager (Male) |
| 0:32 | Queue | Villager (Male) ×2 |
| 1:34 | Queue | Villager (Male) |
| 1:53 | Queue | Villager (Male) |
| 2:18 | Queue | Villager (Male) |
| 2:39 | Build | Lumber Camp |
| 2:50 | Queue | Villager (Male) |
| 2:50 | Queue | Villager (Male) |
| 3:15 | Queue | Villager (Male) |
| 3:38 | Queue | Villager (Male) |
| 3:55 | Build | House |
| 3:57 | Build | House |
| 4:00 | Build | House |
| 4:02 | Queue | Villager (Male) |
| 4:29 | Queue | Villager (Male) |
| 4:55 | Queue | Villager (Male) |
| 5:01 | Build | Barracks |
| 5:17 | Build | House |
| 5:21 | Queue | Villager (Male) |
| 5:46 | Build | House |
| 5:47 | Queue | Villager (Male) |
| 6:17 | Queue | Villager (Male) |
| 6:18 | Build | Mill |
| 6:41 | Research | Loom |
| 7:09 | Research | Feudal Age |
| 7:09 | Research | Feudal Age |
| 7:32 | Build | Outpost |
| 8:34 | Build | Mining Camp |
| 8:35 | Queue | Villager (Male) |
| 9:19 | Age | Feudal Age |
| 9:26 | Build | Archery Range |
| 9:29 | Research | Double-Bit Axe |
| 9:37 | Queue | Villager (Male) |
| 9:58 | Queue | Spearman |
| 10:04 | Queue | Villager (Male) |
| 10:10 | Research | Horse Collar |
| 10:16 | Build | House |
| 10:24 | Queue | Archer |
| 10:26 | Queue | Villager (Male) |
| 10:28 | Queue | Spearman |
| 10:31 | Build | Farm |
| 10:39 | Build | House |
| 10:43 | Build | House |
| 10:48 | Queue | Villager (Male) |
| 10:52 | Queue | Archer |
| 11:10 | Build | Palisade Wall |
| 11:12 | Build | Palisade Wall |
| 11:16 | Build | Farm |
| 11:17 | Queue | Villager (Male) |
| 11:19 | Queue | Archer |
| 11:33 | Build | Farm |
| 11:40 | Queue | Villager (Male) |
| 11:50 | Build | Farm |
| 11:53 | Build | Outpost |
| 12:07 | Queue | Villager (Male) |
| 12:16 | Queue | Archer |
| 12:21 | Build | Farm |
| 12:25 | Build | Farm |
| 12:31 | Queue | Villager (Male) |
| 12:38 | Build | Palisade Wall |
| 12:40 | Build | Palisade Wall |
| 12:43 | Build | Palisade Wall |
| 12:47 | Build | Palisade Wall |
| 12:48 | Queue | Villager (Male) |
| 12:49 | Build | Palisade Wall |
| 12:57 | Build | House |
| 12:59 | Queue | Villager (Male) |
| 13:02 | Build | Palisade Wall |
| 13:06 | Queue | Archer |
| 13:09 | Queue | Spearman |
| 13:20 | Build | Farm |
| 13:27 | Build | Farm |
| 13:37 | Build | Farm |
| 13:49 | Build | Farm |
| 13:50 | Queue | Villager (Male) |
| 13:54 | Build | Farm |
| 13:58 | Queue | Archer |
| 14:14 | Queue | Villager (Male) |
| 14:15 | Build | Farm |
| 14:30 | Build | Farm |
| 14:39 | Queue | Villager (Male) |
| 14:46 | Queue | Archer |
| 15:07 | Queue | Villager (Male) |
| 15:23 | Queue | Villager (Male) |
| 16:01 | Queue | Villager (Male) |
| 16:03 | Build | Archery Range |
| 16:13 | Queue | Archer |
| 16:28 | Queue | Villager (Male) |
| 16:36 | Build | Blacksmith |
| 16:43 | Queue | Archer |
| 16:47 | Queue | Villager (Male) |
| 16:58 | Research | Castle Age |
| 16:58 | Research | Castle Age |
| 17:07 | Build | House |
| 17:08 | Build | House |
| 17:09 | Build | House |
| 17:10 | Build | House |
| 17:24 | Queue | Archer |
| 17:24 | Queue | Archer |
| 17:43 | Research | Fletching |
| 17:43 | Research | Fletching |
| 17:59 | Queue | Villager (Male) |
| 18:02 | Build | Lumber Camp |
| 18:24 | Queue | Villager (Male) |
| 18:31 | Queue | Archer |
| 18:31 | Queue | Archer |
| 18:43 | Research | Gold Mining |
| 18:50 | Build | House |
| 18:51 | Build | House |
| 18:52 | Build | Stone Wall |
| 19:04 | Build | House |
| 19:07 | Queue | Archer |
| 19:07 | Queue | Archer |
| 19:37 | Age | Castle Age |
| 19:38 | Queue | Archer |
| 19:41 | Research | Crossbowman (upgrade) |
| 19:43 | Research | Bodkin Arrow |
| 19:54 | Research | Bow Saw |
| 19:54 | Research | Bow Saw |
| 20:04 | Build | Monastery |
| 20:10 | Queue | Villager (Male) |
| 20:13 | Queue | Archer |
| 20:14 | Queue | Archer |
| 20:34 | Queue | Villager (Male) |
| 20:36 | Queue | Archer |
| 20:36 | Queue | Archer |
| 20:51 | Queue | Monk |
| 20:56 | Queue | Villager (Male) |
| 20:59 | Build | Siege Workshop |
| 21:10 | Build | Lumber Camp |
| 21:12 | Queue | Villager (Male) |
| 21:28 | Queue | Archer |
| 21:28 | Queue | Archer |
| 21:36 | Build | Market |
| 21:38 | Build | House |
| 21:38 | Build | House |
| 21:45 | Queue | Villager (Male) |
| 21:51 | Queue | Mangonel |
| 21:53 | Queue | Villager (Male) |
| 22:01 | Queue | Archer |
| 22:01 | Queue | Archer |
| 22:07 | Build | Outpost |
| 22:08 | Queue | Villager (Male) |
| 22:20 | Build | Farm |
| 22:22 | Build | Farm |
| 22:22 | Research | Wheelbarrow |
| 22:25 | Queue | Archer |
Build order — Itz_Zenta
First 150 of 368 actions detected
| 0:01 | Research | Loom |
| 0:42 | Queue | Villager (Male) |
| 1:08 | Queue | Villager (Male) |
| 1:08 | Queue | Villager (Male) |
| 1:36 | Queue | Villager (Male) |
| 1:36 | Queue | Villager (Male) |
| 1:38 | Build | Lumber Camp |
| 2:02 | Queue | Villager (Male) |
| 2:02 | Queue | Villager (Male) |
| 2:22 | Queue | Villager (Male) |
| 2:23 | Queue | Villager (Male) |
| 2:43 | Queue | Villager (Male) |
| 2:43 | Queue | Villager (Male) |
| 3:05 | Queue | Villager (Male) |
| 3:21 | Build | House |
| 3:35 | Queue | Villager (Male) |
| 3:39 | Build | House |
| 4:05 | Queue | Villager (Male) |
| 4:06 | Queue | Villager (Male) |
| 4:14 | Build | Mill |
| 4:25 | Queue | Villager (Male) |
| 4:51 | Queue | Villager (Male) |
| 5:24 | Queue | Villager (Male) |
| 6:13 | Queue | Villager (Male) |
| 6:48 | Research | Feudal Age |
| 6:48 | Research | Feudal Age |
| 6:49 | Build | Lumber Camp |
| 8:00 | Build | Barracks |
| 8:21 | Build | Palisade Wall |
| 8:50 | Queue | Villager (Male) |
| 8:58 | Age | Feudal Age |
| 9:01 | Build | Stable |
| 9:04 | Build | Palisade Wall |
| 9:10 | Build | House |
| 9:20 | Queue | Villager (Male) |
| 9:21 | Build | Palisade Wall |
| 9:22 | Build | Palisade Wall |
| 9:23 | Build | Palisade Wall |
| 9:36 | Research | Double-Bit Axe |
| 9:44 | Queue | Scout Cavalry |
| 9:47 | Queue | Villager (Male) |
| 9:50 | Build | House |
| 9:54 | Queue | Scout Cavalry |
| 9:58 | Research | Horse Collar |
| 10:07 | Queue | Villager (Male) |
| 10:12 | Build | Farm |
| 10:16 | Queue | Villager (Male) |
| 10:17 | Build | Palisade Wall |
| 10:19 | Build | Palisade Wall |
| 10:23 | Queue | Scout Cavalry |
| 10:26 | Build | Farm |
| 10:32 | Queue | Villager (Male) |
| 10:39 | Queue | Villager (Male) |
| 10:41 | Build | Farm |
| 10:44 | Build | Palisade Wall |
| 10:46 | Build | Palisade Wall |
| 10:50 | Build | Palisade Wall |
| 10:59 | Build | Farm |
| 11:11 | Build | Farm |
| 11:12 | Build | Farm |
| 11:20 | Queue | Villager (Male) |
| 11:23 | Build | House |
| 11:24 | Build | Palisade Wall |
| 11:33 | Build | Farm |
| 11:39 | Queue | Villager (Male) |
| 11:49 | Build | Farm |
| 11:55 | Queue | Villager (Male) |
| 12:07 | Queue | Villager (Male) |
| 12:09 | Build | House |
| 12:11 | Build | Palisade Wall |
| 12:15 | Build | Farm |
| 12:29 | Build | Farm |
| 12:36 | Queue | Villager (Male) |
| 12:56 | Queue | Villager (Male) |
| 13:03 | Build | Farm |
| 13:04 | Build | Farm |
| 13:11 | Queue | Villager (Male) |
| 13:21 | Queue | Villager (Male) |
| 13:22 | Build | House |
| 13:23 | Build | Palisade Wall |
| 13:25 | Build | Palisade Wall |
| 13:25 | Build | Palisade Wall |
| 13:27 | Build | House |
| 13:28 | Build | House |
| 13:40 | Build | Palisade Wall |
| 13:40 | Build | Palisade Wall |
| 14:01 | Queue | Villager (Male) |
| 14:10 | Build | Palisade Wall |
| 14:23 | Build | Archery Range |
| 14:25 | Queue | Villager (Male) |
| 14:28 | Build | Farm |
| 14:36 | Build | Farm |
| 14:45 | Build | House |
| 14:55 | Queue | Villager (Male) |
| 15:09 | Build | Palisade Wall |
| 15:24 | Queue | Skirmisher |
| 15:24 | Queue | Skirmisher |
| 15:27 | Queue | Villager (Male) |
| 15:29 | Build | Farm |
| 15:50 | Build | Farm |
| 15:50 | Build | Farm |
| 15:57 | Queue | Villager (Male) |
| 16:01 | Queue | Villager (Male) |
| 16:08 | Queue | Skirmisher |
| 16:10 | Queue | Villager (Male) |
| 16:25 | Build | Mining Camp |
| 16:34 | Queue | Skirmisher |
| 16:39 | Queue | Villager (Male) |
| 16:43 | Queue | Skirmisher |
| 16:55 | Build | Farm |
| 17:01 | Queue | Skirmisher |
| 17:20 | Queue | Villager (Male) |
| 17:42 | Queue | Skirmisher |
| 18:02 | Queue | Villager (Male) |
| 18:28 | Research | Gold Mining |
| 18:30 | Research | Castle Age |
| 18:33 | Build | House |
| 18:34 | Queue | Villager (Male) |
| 18:35 | Queue | Skirmisher |
| 18:37 | Build | House |
| 18:39 | Build | House |
| 18:40 | Build | House |
| 18:43 | Build | House |
| 18:45 | Build | House |
| 18:46 | Build | House |
| 18:48 | Build | House |
| 18:53 | Research | Gold Mining |
| 18:53 | Research | Gold Mining |
| 18:57 | Research | Gold Mining |
| 19:03 | Build | House |
| 19:08 | Build | House |
| 19:11 | Queue | Skirmisher |
| 19:18 | Build | Blacksmith |
| 19:23 | Queue | Villager (Male) |
| 19:32 | Queue | Skirmisher |
| 19:46 | Queue | Villager (Male) |
| 19:53 | Queue | Villager (Male) |
| 19:56 | Build | House |
| 19:57 | Build | Stone Wall |
| 20:02 | Queue | Skirmisher |
| 20:06 | Build | Archery Range |
| 20:11 | Research | Fletching |
| 20:11 | Research | Fletching |
| 20:22 | Build | House |
| 20:23 | Build | House |
| 20:27 | Build | House |
| 20:31 | Research | Padded Archer Armor |
| 20:32 | Research | Padded Archer Armor |
| 20:32 | Queue | Villager (Male) |
| 20:52 | Queue | Skirmisher |
Match timeline
| 5:01 | Dark_aoe · first_building Barracks |
| 8:00 | Itz_Zenta · first_building Barracks |
| 8:21 | Itz_Zenta · wall_segment Palisade Wall x1 |
| 8:58 | Itz_Zenta · age_up feudal |
| 9:01 | Itz_Zenta · first_building Stable |
| 9:04 | Itz_Zenta · wall_segment Palisade Wall x1 |
| 9:19 | Dark_aoe · age_up feudal |
| 9:21 | Itz_Zenta · wall_segment Palisade Wall x1 |
| 9:22 | Itz_Zenta · wall_segment Palisade Wall x1 |
| 9:23 | Itz_Zenta · wall_segment Palisade Wall x1 |
| 9:26 | Dark_aoe · first_building Archery Range |
| 10:17 | Itz_Zenta · wall_segment Palisade Wall x2 |
| 10:19 | Itz_Zenta · wall_segment Palisade Wall x2 |
| 10:44 | Itz_Zenta · wall_segment Palisade Wall x7 |
| 10:46 | Itz_Zenta · wall_segment Palisade Wall x1 |
| 10:50 | Itz_Zenta · wall_segment Palisade Wall x1 |
| 11:10 | Dark_aoe · wall_segment Palisade Wall x1 |
| 11:12 | Dark_aoe · wall_segment Palisade Wall x1 |
| 11:24 | Itz_Zenta · wall_segment Palisade Wall x13 |
| 12:11 | Itz_Zenta · wall_segment Palisade Wall x14 |
| 12:38 | Dark_aoe · wall_segment Palisade Wall x1 |
| 12:40 | Dark_aoe · wall_segment Palisade Wall x1 |
| 12:43 | Dark_aoe · wall_segment Palisade Wall x1 |
| 12:47 | Dark_aoe · wall_segment Palisade Wall x1 |
| 12:49 | Dark_aoe · wall_segment Palisade Wall x1 |
| 13:02 | Dark_aoe · wall_segment Palisade Wall x1 |
| 13:23 | Itz_Zenta · wall_segment Palisade Wall x2 |
| 13:25 | Itz_Zenta · wall_segment Palisade Wall x1 |
| 13:25 | Itz_Zenta · wall_segment Palisade Wall x1 |
| 13:40 | Itz_Zenta · wall_segment Palisade Wall x1 |
| 13:40 | Itz_Zenta · wall_segment Palisade Wall x1 |
| 14:10 | Itz_Zenta · wall_segment Palisade Wall x1 |
| 14:23 | Itz_Zenta · first_building Archery Range |
| 15:09 | Itz_Zenta · wall_segment Palisade Wall x1 |
| 18:52 | Dark_aoe · wall_segment Stone Wall x1 |
| 19:37 | Dark_aoe · age_up castle |
| 19:57 | Itz_Zenta · wall_segment Stone Wall x1 |
| 20:04 | Dark_aoe · first_building Monastery |
| 20:59 | Dark_aoe · first_building Siege Workshop |
| 21:10 | Itz_Zenta · age_up castle |
| 22:19 | Itz_Zenta · first_building Monastery |
| 23:57 | Itz_Zenta · first_building Siege Workshop |
| 28:38 | Dark_aoe · first_market_sell 100 wood |
| 34:20 | Dark_aoe · age_up imperial |
| 34:46 | Dark_aoe · first_market_buy 100 stone |
| 36:29 | Itz_Zenta · first_market_buy 100 wood |
| 36:58 | Itz_Zenta · first_market_sell 100 food |
| 38:41 | Dark_aoe · wall_segment Palisade Wall x1 |
| 39:10 | Itz_Zenta · resign |
[ AI ANALYSIS · 1 CREDIT ]
What really happened in this match?
Wolo.gg analyzes every decision: build order, eco, micro, common mistakes by bracket. Personalized analysis on WhatsApp or Discord in 30 seconds.
Civ guide
Wu
Perfil
Dark